AoeStats
← CHACHINN

Fortress

508796001Analyzed
4v4 RM · 9d ago on Sep 24, 2026· 34m 39s· 8 players
Game mode
Random Map
Map size
Huge
Population
200
Speed
Normal
Resources
Standard
Victory
Conquest
Starting age
Dark Age
Ending age
Imperial Age
RankedLock teamsTeams togetherTeam positionsShared explorationLock speedFull tech treeHidden civsTurbo modeCheats
Victory
Defeat
🇦🇷 Koreans · Argentina
724
+17
🇵🇰 Poles · Pakistan
710
+18
🇨🇦 Bohemians · Canada
703
+18
🇨🇳 Mongols · China
673
+19
🇦🇷 Huns · Argentina
786
-19
🇻🇳 Celts · Vietnam
749
-18
🇻🇳 Mongols · Vietnam
741
-18
🇻🇳 Byzantines · Vietnam
723
-17
madagascart
1:21 Loom
8:33 Feudal Age
14:51 Castle Age
13:53 Double-Bit Axe
23:46 Forging
26:17 Wagenburg Tactics
27:41 Wheelbarrow
30:46 Imperial Age
32:14 Fervor
31:35 Elite Hussite Wagon
34:22 Scale Mail Armor
Juicee
12:08 Feudal Age
15:32 Double-Bit Axe
17:59 Castle Age
16:06 Gold Mining
16:10 Stone Mining
16:37 Forging
16:33 Scale Barding Armor
19:58 Iron Casting
19:44 Chain Barding Armor
20:02 Loom
20:53 Wheelbarrow
20:03 Town Watch
20:42 Horse Collar
22:01 Fletching
22:59 Bodkin Arrow
23:39 Bloodlines
23:29 Husbandry
25:03 Hand Cart
25:03 Heavy Plow
26:03 Bow Saw
26:52 Szlachta Privileges
31:36 Town Patrol
33:43 Stone Shaft Mining
36:47 Imperial Age
CHACHINN
5:21 Loom
8:05 Feudal Age
10:57 Double-Bit Axe
16:40 Castle Age
19:22 Forging
19:13 Scale Mail Armor
19:15 Man-at-Arms
20:08 Long Swordsman
23:45 Murder Holes
25:41 Ballistics
25:55 Bow Saw
26:42 Fletching
29:26 Elite Skirmisher
34:16 Bodkin Arrow
OTZ==3
1:49 Loom
7:26 Feudal Age
11:20 Double-Bit Axe
11:22 Horse Collar
13:47 Castle Age
12:10 Fletching
13:00 Gold Mining
22:10 Heavy Plow
25:50 Bow Saw
26:23 Stone Mining
27:39 Wheelbarrow
27:46 Stone Shaft Mining
29:27 Gold Shaft Mining
29:27 Hand Cart
29:31 Caravan
30:27 Bodkin Arrow
32:20 Forging
33:16 Ballistics
36:05 Imperial Age
34:29 Iron Casting
34:17 Masonry
34:11 Padded Archer Armor
34:20 Scale Barding Armor
34:18 Light Cavalry
35:11 Husbandry
quachvanhao2040
7:10 Feudal Age
7:34 Horse Collar
7:48 Double-Bit Axe
10:20 Wheelbarrow
10:39 Fletching
10:50 Padded Archer Armor
14:24 Castle Age
12:59 Gold Mining
16:42 Bodkin Arrow
17:54 Bow Saw
20:06 Leather Archer Armor
23:26 Ballistics
23:30 Nomads
27:26 Imperial Age
24:46 Loom
25:49 Heavy Plow
26:50 Caravan
27:19 Stone Mining
29:28 Bracer
31:21 Chemistry
30:45 Onager
31:27 Town Watch
31:57 Hand Cart
33:40 Elite Mangudai
Hưng Hững Hờ
8:04 Feudal Age
8:52 Double-Bit Axe
8:50 Horse Collar
10:18 Gold Mining
15:39 Castle Age
17:43 Gold Shaft Mining
18:25 Bow Saw
19:35 Heavy Plow
21:05 Forging
21:01 Scale Barding Armor
Trug Cobra
2:56 Loom
6:44 Feudal Age
7:41 Horse Collar
7:53 Double-Bit Axe
14:05 Castle Age
13:04 Gold Mining
13:05 Stone Mining
13:19 Man-at-Arms
13:45 Arson
20:16 Forging
20:06 Scale Mail Armor
20:16 Forging
Tào Mạnh Đức
2:11 Loom
6:47 Feudal Age
6:59 Feudal Age
7:38 Stone Mining
9:58 Horse Collar
11:26 Double-Bit Axe
20:44 Castle Age
18:39 Gold Mining
Connection lost

Rejoining the realm…

Still unreachable

The connection could not be restored.

Session expired

The server has moved on; the page needs a fresh start.